 Dungeon Sprint DCSS version 0.27-a0-1140-g099f9bb0e8 (webtiles) character file.

Game seed: 7721814809823554886

24 mhtbhm the Firebug (level 2, -6/15 HPs)
             Began as a Deep Elf Fire Elementalist on May 9, 2021.
             Was a Believer of Vehumet.
             Mangled by an orc
             ... wielding a +0 trident
              (8 damage)
             ... in the Dungeon (Sprint VII: "The Pits").
             The game lasted 00:01:42 (524 turns).

mhtbhm the Firebug (Deep Elf Fire Elementalist)      Turns: 524, Time: 00:01:43

Health: -6/15      AC:  2    Str:  5    XL:     2   Next: 79%
Magic:  4/9        EV: 13    Int: 19    God:    Vehumet [**....]
Gold:   0          SH:  0    Dex: 15    Spells: 8/10 levels left

rFire    . . .     SeeInvis .   k - +0 short sword (protect)
rCold    . . .     Faith    .   (no shield)
rNeg     . . .     Spirit   .   a - +0 robe
rPois    .         Reflect  .   (no helmet)
rElec    .         Harm     .   (no cloak)
rCorr    .         Rampage  .   (no gloves)
Will     .....     NoTele   +   (no boots)
Stlth    ++........             (no amulet)
HPRegen  0.05/turn              (no ring)
MPRegen  0.11/turn              (no ring)

@: no status effects
A: no striking features
a: Renounce Religion


You were in the Dungeon.
You worshipped Vehumet.
Vehumet was pleased with you.
You visited 1 branch

Inventory:

Hand Weapons
 k - a +0 short sword of protection (weapon)
Armour
 a - a +0 robe (worn)
Scrolls
 h - a scroll of blinking
 i - 5 scrolls of amnesia
 j - a scroll of summoning
Potions
 b - 2 potions of invisibility
 c - a potion of curing
 d - a potion of heal wounds
 e - a potion of haste
 f - 4 potions of magic
 g - 3 potions of berserk rage


   Skills:
 + Level 3.2 Dodging
 + Level 3.1 Stealth
 + Level 4.6 Spellcasting
 + Level 1.9 Conjurations
 + Level 5.5 Fire Magic


You had 8 spell levels left.
You knew the following spells:

 Your Spells              Type           Power      Damage    Failure   Level
a - Foxfire               Conj/Fire      72%        2x1d7     2%          1
b - Freeze                Ice            16%        1d4       13%         1

Your spell library contained the following spells:

 Spells                   Type           Power      Damage    Failure   Level
 Searing Ray              Conj           22%        3d3       9%          2
 Conjure Flame            Conj/Fire      18%        6-21      9%          3
 Inner Flame              Hex/Fire       14%        N/A       12%         3
 Sticky Flame             Conj/Fire      18%        2d4       28%         4
 Fireball                 Conj/Fire      9%         3d6       61%         5


Dungeon Overview and Level Annotations

Branches:
Dungeon (1/1)

Altars:
Ashenzari
Cheibriados
Dithmenos
Elyvilon
Fedhas
Gozag
Hepliaklqana
Kikubaaqudgha
Makhleb
Nemelex Xobeh
Okawaru
Qazlal
Ru
Sif Muna
Trog
Uskayaw
Vehumet
Wu Jian
Xom
Yredelemnul
Zin
The Shining One
Beogh
Jiyva
Lugonu


Message History

Casting: Foxfire (safe; 3% risk of failure)
Confirm with . or Enter, or press ? or * to list all spells.
You conjure some foxfire!
The foxfire hits the gnoll.
The gnoll is moderately wounded.
The gnoll barely misses you.
Your foxfire dissipates!
The foxfire hits the gnoll.
The gnoll is severely wounded.
There is an open door here.
The gnoll hits you with a +0 flail.
There is an open door here.
There is an open door to the Storerooms (Easy) here.
You see here a jackal corpse.
You see here a jackal corpse.
Casting: Foxfire (safe; 3% risk of failure)
Confirm with . or Enter, or press ? or * to list all spells.
You conjure some foxfire!
Unknown command.
Unknown command.
Casting: Foxfire (safe; 3% risk of failure)
Confirm with . or Enter, or press ? or * to list all spells.
You conjure some foxfire!
The foxfire hits the gnoll.
You kill the gnoll!
Vehumet accepts your kill.
Unknown command.
Unknown command.
Casting: Foxfire (safe; 2% risk of failure)
Confirm with . or Enter, or press ? or * to list all spells.
You conjure some foxfire!
The foxfire hits the gnoll.
The gnoll is moderately wounded.
The foxfire hits the gnoll.
The gnoll is severely wounded.
The foxfire hits the gnoll.
The gnoll is severely wounded.
The gnoll hits you with a +0 flail!
Ouch! That really hurt!
* * * LOW HITPOINT WARNING * * *
The orc hits you from afar with a +0 trident!
Ouch! That really hurt!
You die...

############ #_________.#
#_________.#
#_______...###########++# #
##########'##..............
#.?(.')))'.##§.....#..#....
##########.##.v............
#........o.og@§)...........
#+#####'#####v.....#..#....
#...g.##............ .
#####o#####'#####++##
#.....##.......#
#..).o##.......#
###o####.......# ..G.
#...<...# ......G #.......#


You could see an orc priest, a gnoll (ally target) and an orc.

Vanquished Creatures
  A gnoll (D)
  An adder skeleton (D)
  An orc (D)
  4 jackals (D)
  A kobold (D)
  A quokka (D)
  A ball python (D)
10 creatures vanquished.

Vanquished Creatures (others)
  42 foxfires (D)
42 creatures vanquished.

Grand Total: 52 creatures vanquished

Notes
Turn   | Place    | Note
-------+----------+-------------------------------------------
     0 | D        | mhtbhm the Deep Elf Fire Elementalist began the quest for
                  | the Orb.
     0 | D        | Reached XP level 1. HP: 10/10 MP: 6/6
   120 | D        | Found a bloodstained altar of Trog.
   120 | D        | Found a shimmering blue altar of Sif Muna.
   120 | D        | Found a viscous altar of Jiyva.
   120 | D        | Found a hazy altar of Hepliaklqana.
   120 | D        | Found an opulent altar of Gozag.
   121 | D        | Found a glowing golden altar of the Shining One.
   121 | D        | Found a glowing silver altar of Zin.
   121 | D        | Found a basalt altar of Yredelemnul.
   121 | D        | Found a shimmering altar of Xom.
   121 | D        | Found an ornate altar of the Wu Jian Council.
   121 | D        | Found a sacrificial altar of Ru.
   121 | D        | Found a stormy altar of Qazlal.
   121 | D        | Found an iron altar of Okawaru.
   121 | D        | Found a sparkling altar of Nemelex Xobeh.
   121 | D        | Found a burning altar of Makhleb.
   121 | D        | Found a blossoming altar of Fedhas.
   121 | D        | Found a white marble altar of Elyvilon.
   121 | D        | Found a shadowy altar of Dithmenos.
   121 | D        | Found a snail-covered altar of Cheibriados.
   123 | D        | Found a radiant altar of Vehumet.
   123 | D        | Found a corrupted altar of Lugonu.
   124 | D        | Found a hide-covered altar of Uskayaw.
   124 | D        | Found an ancient bone altar of Kikubaaqudgha.
   124 | D        | Found a broken altar of Ashenzari.
   131 | D        | Became a worshipper of Vehumet
   192 | D        | Reached skill level 4 in Fire Magic
   378 | D        | Reached * piety under Vehumet
   378 | D        | Offered knowledge of Freeze by Vehumet.
   380 | D        | Reached XP level 2. HP: 12/15 MP: 2/8
   399 | D        | Reached ** piety under Vehumet
   496 | D        | Learned a level 1 spell: Freeze
   505 | D        | Noticed a floating eye
   509 | D        | Offered knowledge of Searing Ray by Vehumet.
   510 | D        | Reached skill level 5 in Fire Magic
   524 | D        | Mangled by an orc

Illustrated notes

Levels and vault maps discovered:
D:        pitsprint [storerooms_1, entrance_room_1, metal_vault_2, armoury_1,
          mini_pit_1, grid_room_1, main_hall_1, silver_pit, the_coven_1,
          the_vestibule_1, steel_vault_3, golden_pit, hallway_of_sentries,
          crystal_vault_2, iron_vault_2, final_vault]

Skill      XL: |  1  2 |
---------------+-------+-----
Fire Magic     | 4 5 |  5.5
Dodging        | 3 |  3.2
Spellcasting   | 4 |  4.6
Stealth        | 3 |  3.1
Conjurations   | |  1.9

Action                   || total
-------------------------++-------
 Cast: Foxfire           ||    28
Armor: Robe              ||     2
Dodge: Dodged            ||     5

Table legend: (Time is in decaauts)
 A = Elapsed time spent in this place.
 B = Non-inter-level travel time spent in this place.
 C = Inter-level travel time spent in this place.
 D = Time resting spent in this place.
 E = Time spent auto-exploring this place.
 F = Levels seen in this place.
 G = Mean time per level.
                   A        B        C        D        E       F      G
               +--------+--------+--------+--------+--------+-----+--------+
         Total |    523 |    523 |      0 |    326 |      0 |   1 |  523.0 |
       Dungeon |    523 |    523 |      0 |    326 |      0 |   1 |  523.0 |
               +--------+--------+--------+--------+--------+-----+--------+

Top non-repeatable levels by time:
       D: 523 daAuts
